[Event "22nd ETCC Women 2019"]
[Site "Batumi"]
[Date "2019.10.30"]
[Round "6.20"]
[White "Kyrkjebo, Hanna B."]
[Black "Miturova, Magdalena"]
[Result "0-1"]
[ECO "C44"]
[WhiteElo "1949"]
[BlackElo "2179"]
[Annotator "NA"]
[PlyCount "86"]
[EventDate "2019.10.24"]
[EventType "team-tourn"]
[EventCountry "GEO"]
[SourceTitle "playchess.com"]
[Source "ChessBase"]
[SourceQuality "1"]
[WhiteTeam "Norway"]
[BlackTeam "Czech Republic"]
[WhiteTeamCountry "NOR"]
[BlackTeamCountry "CZE"]
[TimeControl "40/5400+30:1800+30"]

1. e4 e5 2. Nf3 Nc6 3. d4 exd4 4. Nxd4 Nf6 5. Nc3 Bb4 6. Nxc6 bxc6 7. Bd3 d5 8. exd5 cxd5 9. O-O O-O 10. h3 c6 11. Qf3 Bd6 12. Bf4 Rb8 13. b3 Rb4 14. Bxd6 Qxd6 15. Qg3 Qd8 16. a3 Rb7 17. Rfe1 Re7 18. Re2 Rxe2 19. Nxe2 Re8 20. Qf4 Nd7 21. Ng3 Ne5 22. Bf1 Qe7 23. Qa4 c5 24. Bb5 Rf8 25. Qf4 Ng6 26. Qd2 Qb7 27. Be2 Be6 28. b4 Rc8 29. Bd3 Ne5 30. Bf5 Bxf5 31. Nxf5 Qd7 32. Ne3 d4 33. bxc5 dxe3 34. Qxe3 Ng6 35. Re1 Qc6 36. Rd1 h6 37. c3 a5 38. Qd2 Qxc5 39. Qb2 Qxc3 40. Rd8+ Kh7 41. Qb6 Qc1+ 42. Kh2 Rxd8 43. Qxd8 Qxa3 0-1

[Event "22nd ETCC Women 2019"]
[Site "Batumi"]
[Date "2019.10.30"]
[Round "6.21"]
[White "Reizniece-Ozola, Dana"]
[Black "Mkrtchian, Lilit"]
[Result "1/2-1/2"]
[ECO "A33"]
[WhiteElo "2297"]
[BlackElo "2402"]
[Annotator "NA"]
[PlyCount "95"]
[EventDate "2019.10.24"]
[EventType "team-tourn"]
[EventCountry "GEO"]
[SourceTitle "playchess.com"]
[Source "ChessBase"]
[SourceQuality "1"]
[WhiteTeam "Latvia"]
[BlackTeam "Armenia"]
[WhiteTeamCountry "LAT"]
[BlackTeamCountry "ARM"]
[TimeControl "40/5400+30:1800+30"]

1. Nf3 c5 2. c4 Nc6 3. d4 cxd4 4. Nxd4 Nf6 5. Nc3 e6 6. a3 Be7 7. e4 O-O 8. Nf3 Qc7 9. Be2 b6 10. O-O Bb7 11. Bg5 Ne5 12. Nxe5 Qxe5 13. Bh4 Rfd8 14. Re1 Bc6 15. Bg3 Qg5 16. Bf3 Rac8 17. Nd5 exd5 18. exd5 Bf8 19. dxc6 dxc6 20. Qa4 Rd2 21. b4 a5 22. Bxc6 axb4 23. axb4 Nh5 24. Bd5 Nxg3 25. fxg3 Rd8 26. Rad1 Rxd1 27. Rxd1 Qe3+ 28. Kh1 Qe2 29. Qa1 Rd7 30. b5 Ra7 31. Qb1 g6 32. Re1 Qd2 33. Qd1 Qxd1 34. Rxd1 h5 35. h4 Kg7 36. Rd3 Bc5 37. Kh2 Ra1 38. Bf3 Bg1+ 39. Kh3 Bf2 40. Kh2 Bg1+ 41. Kh3 Bf2 42. Rd1 Rxd1 43. Bxd1 f5 44. Bf3 Kf6 45. Bd5 Kg7 46. Bc6 Kf6 47. Be8 Kg7 48. Bd7 1/2-1/2

[Event "22nd ETCC Women 2019"]
[Site "Batumi"]
[Date "2019.10.30"]
[Round "6.21"]
[White "Goossens, Hanne"]
[Black "Nazarova, Anastasia"]
[Result "1-0"]
[ECO "B35"]
[WhiteElo "2156"]
[BlackElo "2147"]
[Annotator "NA"]
[PlyCount "119"]
[EventDate "2019.10.24"]
[EventType "team-tourn"]
[EventCountry "GEO"]
[SourceTitle "playchess.com"]
[Source "ChessBase"]
[SourceQuality "1"]
[WhiteTeam "Belgium"]
[BlackTeam "Finland"]
[WhiteTeamCountry "BEL"]
[BlackTeamCountry "FIN"]
[TimeControl "40/5400+30:1800+30"]

1. e4 c5 2. Nf3 Nc6 3. d4 cxd4 4. Nxd4 g6 5. Nc3 Bg7 6. Be3 Nf6 7. Bc4 O-O 8. Bb3 d6 9. f3 Qa5 10. Qd2 Nxd4 11. Bxd4 Be6 12. O-O-O b5 13. Kb1 b4 14. Ne2 Qb5 15. h4 a5 16. h5 a4 17. Bxe6 fxe6 18. hxg6 hxg6 19. Rh3 e5 20. Be3 Rfc8 21. b3 Kf7 22. Bg5 Rc5 23. Rhh1 Rac8 24. Rc1 Nd7 25. Rh7 Nf8 26. Rxg7+ Kxg7 27. Bxe7 axb3 28. cxb3 Rxc1+ 29. Nxc1 Ne6 30. Qxd6 Kf7 31. Bh4 g5 32. Be1 Rd8 33. Qxb4 Qd7 34. Bc3 Rc8 35. Bxe5 Qc6 36. Qd2 Rd8 37. Qc2 Qb5 38. Bb2 Nf4 39. Qc3 Rd6 40. a4 Qd7 41. Qg7+ Ke8 42. Qxg5 Ne6 43. Qg8+ Nf8 44. g4 Rd1 45. Qc4 Qe6 46. Qb5+ Kf7 47. Kc2 Rh1 48. a5 Nd7 49. a6 Nb6 50. a7 Qc8+ 51. Kb1 Rh2 52. Qf5+ Qxf5 53. gxf5 Na8 54. Nd3 Re2 55. b4 Re3 56. Ne5+ Ke8 57. Kc2 Re2+ 58. Kb3 Rh2 59. b5 Rh7 60. f6 1-0

[Event "22nd ETCC Women 2019"]
[Site "Batumi"]
[Date "2019.10.30"]
[Round "6.22"]
[White "Ghukasyan, Siranush"]
[Black "Rogule, Laura"]
[Result "0-1"]
[ECO "B90"]
[WhiteElo "2261"]
[BlackElo "2269"]
[Annotator "NA"]
[PlyCount "106"]
[EventDate "2019.10.24"]
[EventType "team-tourn"]
[EventCountry "GEO"]
[SourceTitle "playchess.com"]
[Source "ChessBase"]
[SourceQuality "1"]
[WhiteTeam "Armenia"]
[BlackTeam "Latvia"]
[WhiteTeamCountry "ARM"]
[BlackTeamCountry "LAT"]
[TimeControl "40/5400+30:1800+30"]

1. e4 c5 2. Nf3 d6 3. d4 cxd4 4. Nxd4 Nf6 5. Nc3 a6 6. Be3 e5 7. Nf3 Qc7 8. a4 Be6 9. Be2 Nbd7 10. O-O h6 11. Ne1 Nb6 12. Bxb6 Qxb6 13. Nd5 Bxd5 14. exd5 Be7 15. Ra3 O-O 16. Rb3 Qc7 17. Kh1 Nd7 18. f4 exf4 19. Rxf4 Nc5 20. Ra3 Bg5 21. Rf1 Rae8 22. Bg4 Re4 23. a5 Rfe8 24. Bf5 Ra4 25. Rxa4 Nxa4 26. b3 Nc3 27. Qd3 Qxa5 28. Nf3 Bf6 29. Bh3 Nxd5 30. Qf5 Qc5 31. Qd7 Rd8 32. Qxb7 Ne3 33. Rg1 Qxc2 34. Qb6 Nd1 35. Rf1 Qd3 36. Re1 d5 37. Ne5 Qd2 38. Rf1 d4 39. Ng4 Bg5 40. Qb7 Rf8 41. Qf3 Ne3 42. Nxe3 dxe3 43. Bg4 a5 44. Qe4 Qb2 45. Qc4 Qe5 46. Bh5 Bf6 47. Bf3 Rd8 48. Re1 g6 49. Qe2 Rc8 50. Qa6 Rc2 51. Qb6 Qc3 52. Qb8+ Kg7 53. Qg3 Be5 0-1

[Event "22nd ETCC Women 2019"]
[Site "Batumi"]
[Date "2019.10.30"]
[Round "6.22"]
[White "Puuska, Heini"]
[Black "Vanduyfhuys, Daria"]
[Result "0-1"]
[ECO "D05"]
[WhiteElo "1992"]
[BlackElo "1983"]
[Annotator "NA"]
[PlyCount "84"]
[EventDate "2019.10.24"]
[EventType "team-tourn"]
[EventCountry "GEO"]
[SourceTitle "playchess.com"]
[Source "ChessBase"]
[SourceQuality "1"]
[WhiteTeam "Finland"]
[BlackTeam "Belgium"]
[WhiteTeamCountry "FIN"]
[BlackTeamCountry "BEL"]
[TimeControl "40/5400+30:1800+30"]

1. d4 Nf6 2. Nf3 e6 3. e3 d5 4. Bd3 c5 5. b3 Nc6 6. Bb2 cxd4 7. exd4 Bb4+ 8. c3 Bd6 9. Nbd2 O-O 10. O-O b6 11. Re1 Bb7 12. Rc1 Rc8 13. Ne5 Re8 14. Re3 g6 15. Ndf3 Ne4 16. c4 Nb4 17. Bb1 Bf8 18. a3 Nc6 19. Bxe4 dxe4 20. Rxe4 Bh6 21. Rc2 Nb4 22. Rh4 Nxc2 23. Rxh6 f6 24. Ng4 Be4 25. d5 e5 26. h4 Kg7 27. Qd2 b5 28. Ngxe5 bxc4 29. bxc4 Rb8 30. Bc3 Rb1+ 31. Kh2 Qd6 32. c5 Qxc5 33. Ng4 Qd6+ 34. Nfe5 fxe5 35. f3 Bf5 36. h5 Bxg4 37. fxg4 Nd4 38. hxg6 hxg6 39. Rh3 Rh8 40. Rxh8 Kxh8 41. Qh6+ Kg8 42. Qg5 e4+ 0-1

[Event "22nd ETCC Women 2019"]
[Site "Batumi"]
[Date "2019.10.30"]
[Round "6.23"]
[White "Berzina, Ilze"]
[Black "Danielian, Elina"]
[Result "0-1"]
[ECO "B07"]
[WhiteElo "2216"]
[BlackElo "2385"]
[Annotator "NA"]
[PlyCount "70"]
[EventDate "2019.10.24"]
[EventType "team-tourn"]
[EventCountry "GEO"]
[SourceTitle "playchess.com"]
[Source "ChessBase"]
[SourceQuality "1"]
[WhiteTeam "Latvia"]
[BlackTeam "Armenia"]
[WhiteTeamCountry "LAT"]
[BlackTeamCountry "ARM"]
[TimeControl "40/5400+30:1800+30"]

1. e4 d6 2. d4 Nf6 3. Nc3 g6 4. Be3 c6 5. Qd2 Nbd7 6. Nf3 Ng4 7. Bf4 e5 8. h3 exf4 9. hxg4 g5 10. e5 d5 11. Qd3 Nb6 12. Rxh7 Rg8 13. Nh2 Be6 14. g3 Nc4 15. gxf4 Nxb2 16. Qd2 Bb4 17. Rb1 Qa5 18. Rh3 Na4 19. Rxb4 Qxb4 20. Nxa4 Qxa4 21. f5 Bd7 22. Rh7 Qxa2 23. e6 Qb1+ 24. Ke2 fxe6 25. f6 O-O-O 26. f7 Rgf8 27. Nf3 c5 28. Bg2 cxd4 29. Ne5 Bb5+ 30. Kf3 Qb2 31. Ng6 Qa3+ 32. c3 Qxc3+ 33. Qxc3+ dxc3 34. Nxf8 Rxf8 35. Ke3 Kd7 0-1

[Event "22nd ETCC Women 2019"]
[Site "Batumi"]
[Date "2019.10.30"]
[Round "6.23"]
[White "Barbier, Astrid"]
[Black "Norlamo, Sarabella"]
[Result "1/2-1/2"]
[ECO "C55"]
[WhiteElo "1974"]
[BlackElo "2020"]
[Annotator "NA"]
[PlyCount "55"]
[EventDate "2019.10.24"]
[EventType "team-tourn"]
[EventCountry "GEO"]
[SourceTitle "playchess.com"]
[Source "ChessBase"]
[SourceQuality "1"]
[WhiteTeam "Belgium"]
[BlackTeam "Finland"]
[WhiteTeamCountry "BEL"]
[BlackTeamCountry "FIN"]
[TimeControl "40/5400+30:1800+30"]

1. e4 e5 2. Nf3 Nc6 3. d4 exd4 4. Bc4 Nf6 5. e5 d5 6. Bb5 Ne4 7. Nxd4 Bd7 8. Bxc6 bxc6 9. O-O Be7 10. f3 Nc5 11. f4 O-O 12. Be3 f6 13. Nd2 fxe5 14. fxe5 Ne6 15. N2b3 Ng5 16. Qe2 Ne4 17. Rxf8+ Bxf8 18. Rf1 Qe8 19. Qf3 a5 20. Nc1 Qg6 21. e6 Bxe6 22. Nxc6 Bd6 23. Bf4 Bc5+ 24. Be3 Bd6 25. Bf4 Bc5+ 26. Be3 Bd6 27. Bf4 Bc5+ 28. Be3 1/2-1/2

[Event "22nd ETCC Women 2019"]
[Site "Batumi"]
[Date "2019.10.30"]
[Round "6.24"]
[White "Gevorgyan, Maria"]
[Black "Golsta, Madara"]
[Result "1-0"]
[ECO "B23"]
[WhiteElo "2260"]
[BlackElo "1987"]
[Annotator "NA"]
[PlyCount "67"]
[EventDate "2019.10.24"]
[EventType "team-tourn"]
[EventCountry "GEO"]
[SourceTitle "playchess.com"]
[Source "ChessBase"]
[SourceQuality "1"]
[WhiteTeam "Armenia"]
[BlackTeam "Latvia"]
[WhiteTeamCountry "ARM"]
[BlackTeamCountry "LAT"]
[TimeControl "40/5400+30:1800+30"]

1. e4 c5 2. Nc3 d6 3. f4 g6 4. Nf3 Bg7 5. Bc4 Nc6 6. O-O e6 7. d4 cxd4 8. Nb5 Nge7 9. Bb3 O-O 10. Nbxd4 b6 11. f5 Nxd4 12. Nxd4 exf5 13. Bg5 Qe8 14. Re1 Qd7 15. Bxe7 Qxe7 16. exf5 Qg5 17. Bd5 Rb8 18. Nc6 Bxf5 19. Nxb8 Rxb8 20. Bxf7+ Kh8 21. Qxd6 Rf8 22. c3 Bh3 23. Qd5 Qxg2+ 24. Qxg2 Bxg2 25. Kxg2 Rxf7 26. Re8+ Bf8 27. Rf1 Kg7 28. Rxf7+ Kxf7 29. Rb8 Be7 30. Rb7 h5 31. Rxa7 Kf6 32. b4 g5 33. a4 g4 34. Ra6 1-0

[Event "22nd ETCC Women 2019"]
[Site "Batumi"]
[Date "2019.10.30"]
[Round "6.24"]
[White "Lehtinen, Helja"]
[Black "Mabille, Natacha"]
[Result "1-0"]
[ECO "D12"]
[WhiteElo "1802"]
[BlackElo "1939"]
[Annotator "NA"]
[PlyCount "119"]
[EventDate "2019.10.24"]
[EventType "team-tourn"]
[EventCountry "GEO"]
[SourceTitle "playchess.com"]
[Source "ChessBase"]
[SourceQuality "1"]
[WhiteTeam "Finland"]
[BlackTeam "Belgium"]
[WhiteTeamCountry "FIN"]
[BlackTeamCountry "BEL"]
[TimeControl "40/5400+30:1800+30"]

1. d4 d5 2. c4 c6 3. Nf3 Nf6 4. e3 Bf5 5. b3 e6 6. Bb2 Bb4+ 7. Nbd2 Nbd7 8. Be2 dxc4 9. bxc4 Ne4 10. O-O Qc7 11. Nxe4 Bxe4 12. Bd3 Bxd3 13. Qxd3 Be7 14. a4 O-O 15. Rab1 c5 16. Ba3 Rfd8 17. Rfc1 Bf6 18. Qb3 b6 19. Bb2 Rac8 20. Ra1 cxd4 21. exd4 e5 22. dxe5 Nxe5 23. Nxe5 Bxe5 24. Bxe5 Qxe5 25. Qc3 Qc5 26. Ra2 h6 27. h3 Rd4 28. Rac2 Rcd8 29. Re1 Rd3 30. Qb2 R8d4 31. Qb5 Rd1 32. Rce2 Rxe1+ 33. Rxe1 Qxb5 34. axb5 Rxc4 35. Re8+ Kh7 36. Re7 Rc1+ 37. Kh2 Ra1 38. Rxf7 Ra5 39. Rb7 Rxb5 40. Rxa7 Rb3 41. Rb7 Kg6 42. f3 Kf6 43. Rc7 b5 44. Rc6+ Kf5 45. Kg3 b4 46. Rc5+ Ke6 47. Rc6+ Kd5 48. Rg6 Rc3 49. Rxg7 Rc5 50. Rh7 Rc6 51. Rb7 Kc4 52. f4 b3 53. f5 Kc3 54. Kf4 Rc4+ 55. Ke5 Rb4 56. Rxb4 Kxb4 57. f6 b2 58. f7 b1=Q 59. f8=Q+ Kc4 60. Qc8+ 1-0

[Event "22nd ETCC Women 2019"]
[Site "Batumi"]
[Date "2019.10.30"]
[Round "6.25"]
[White "Milliet, Sophie"]
[Black "Shvayger, Yuliya"]
[Result "1/2-1/2"]
[ECO "B33"]
[WhiteElo "2400"]
[BlackElo "2336"]
[Annotator "NA"]
[PlyCount "66"]
[EventDate "2019.10.24"]
[EventType "team-tourn"]
[EventCountry "GEO"]
[SourceTitle "playchess.com"]
[Source "ChessBase"]
[SourceQuality "1"]
[WhiteTeam "France"]
[BlackTeam "Israel"]
[WhiteTeamCountry "FRA"]
[BlackTeamCountry "ISR"]
[TimeControl "40/5400+30:1800+30"]

1. e4 c5 2. Nf3 Nc6 3. d4 cxd4 4. Nxd4 Nf6 5. Nc3 e6 6. Nxc6 bxc6 7. e5 Nd5 8. Ne4 Qc7 9. f4 Qb6 10. c4 Bb4+ 11. Ke2 f5 12. Nf2 Ba6 13. Kf3 Ne7 14. Be3 Bc5 15. Bxc5 Qxc5 16. Qd6 Qxd6 17. exd6 Ng8 18. b3 c5 19. Ke3 Nf6 20. Be2 Bb7 21. Nd3 Rc8 22. Ne5 O-O 23. Rhg1 Rfd8 24. Rad1 a5 25. Rd3 Be4 26. Rd2 Ra8 27. h3 a4 28. Bd1 axb3 29. Bxb3 Ra6 30. g4 Ba8 31. Rd3 Be4 32. Rd2 Ba8 33. Rd3 Be4 {[%emt 0:06:43] Kxe4} 1/2-1/2

[Event "22nd ETCC Women 2019"]
[Site "Batumi"]
[Date "2019.10.30"]
[Round "6.25"]
[White "Georgescu, Lena"]
[Black "Stojkovska, Monika"]
[Result "1-0"]
[ECO "C18"]
[WhiteElo "2271"]
[BlackElo "2108"]
[Annotator "NA"]
[PlyCount "45"]
[EventDate "2019.10.24"]
[EventType "team-tourn"]
[EventCountry "GEO"]
[SourceTitle "playchess.com"]
[Source "ChessBase"]
[SourceQuality "1"]
[WhiteTeam "Switzerland"]
[BlackTeam "Macedonia"]
[WhiteTeamCountry "SUI"]
[BlackTeamCountry "MKD"]
[TimeControl "40/5400+30:1800+30"]

1. e4 e6 2. d4 d5 3. Nc3 Bb4 4. e5 c5 5. a3 Bxc3+ 6. bxc3 Ne7 7. Qg4 O-O 8. Bd3 Qa5 9. Bd2 Nbc6 10. Nf3 f5 11. exf6 Rxf6 12. Qh5 Nf5 13. c4 Qa4 14. g4 dxc4 15. Be4 Ncxd4 16. gxf5 Nxc2+ 17. Kf1 c3 18. Bxc3 Qxe4 19. Bxf6 Qc4+ 20. Kg2 gxf6 21. Qe8+ Kg7 22. Qe7+ Kg8 23. Rhg1 1-0

[Event "22nd ETCC Women 2019"]
[Site "Batumi"]
[Date "2019.10.30"]
[Round "6.26"]
[White "Efroimski, Marsel"]
[Black "Guichard, Pauline"]
[Result "1/2-1/2"]
[ECO "C44"]
[WhiteElo "2317"]
[BlackElo "2407"]
[Annotator "NA"]
[PlyCount "139"]
[EventDate "2019.10.24"]
[EventType "team-tourn"]
[EventCountry "GEO"]
[SourceTitle "playchess.com"]
[Source "ChessBase"]
[SourceQuality "1"]
[WhiteTeam "Israel"]
[BlackTeam "France"]
[WhiteTeamCountry "ISR"]
[BlackTeamCountry "FRA"]
[TimeControl "40/5400+30:1800+30"]

1. e4 e5 2. Nf3 Nc6 3. d4 exd4 4. Nxd4 Nf6 5. Nxc6 bxc6 6. Bd3 d5 7. exd5 cxd5 8. O-O Be7 9. c4 O-O 10. cxd5 Bb7 11. Nc3 Nxd5 12. Bd2 Rb8 13. Re1 Bf6 14. Bc4 Nb6 15. Bb3 Qd4 16. Qe2 Qh4 17. Qe3 Nc4 18. Bxc4 Qxc4 19. Qf4 Qc6 20. Qg3 Ba8 21. Rac1 Qd7 22. Rcd1 Qf5 23. Bc1 Rb4 24. Qd3 Qh5 25. Nd5 Bxd5 26. Qxd5 Qxd5 27. Rxd5 Bxb2 28. Rc5 Bxc1 29. Rexc1 Rc8 30. g3 Rb7 31. a4 g6 32. Rc6 h5 33. a5 Rb5 34. Ra6 c5 35. Rxa7 c4 36. a6 Ra5 37. Rc2 c3 38. Kf1 Kg7 39. h4 Kf6 40. Ke2 Ke6 41. Kd3 Rd5+ 42. Ke3 Rd6 43. Ke2 Kd5 44. Rxf7 Kc4 45. a7 Re6+ 46. Kf1 Ra6 47. Rc1 Rc5 48. Rd7 Ra2 49. Ke1 Rc8 50. Rb7 Rc6 51. Rd7 Rc5 52. Kd1 Kb5 53. Rc2 Ra1+ 54. Rc1 Ra2 55. Rc2 Ra6 56. Rc1 Kc4 57. Ke1 Rc8 58. Rb7 Rc5 59. Rd7 Ra3 60. Ke2 Rc6 61. Ke1 Rc8 62. Rb7 Re8+ 63. Kd1 Rd8+ 64. Ke1 Re8+ 65. Kf1 Ra8 66. Rc7+ Kd3 67. Rd7+ Kc4 68. Rc7+ Kd3 69. Rd7+ Kc4 70. Rc7+ 1/2-1/2

[Event "22nd ETCC Women 2019"]
[Site "Batumi"]
[Date "2019.10.30"]
[Round "6.26"]
[White "Bejatovic, Bojana"]
[Black "Heinatz, Gundula"]
[Result "1-0"]
[ECO "B09"]
[WhiteElo "2004"]
[BlackElo "2175"]
[Annotator "NA"]
[PlyCount "61"]
[EventDate "2019.10.24"]
[EventType "team-tourn"]
[EventCountry "GEO"]
[SourceTitle "playchess.com"]
[Source "ChessBase"]
[SourceQuality "1"]
[WhiteTeam "Macedonia"]
[BlackTeam "Switzerland"]
[WhiteTeamCountry "MKD"]
[BlackTeamCountry "SUI"]
[TimeControl "40/5400+30:1800+30"]

1. e4 d6 2. d4 Nf6 3. Nc3 g6 4. f4 Bg7 5. Nf3 O-O 6. Bd3 Na6 7. Be3 Nb4 8. h3 Nxd3+ 9. Qxd3 d5 10. e5 Ne4 11. g4 Nxc3 12. Qxc3 b6 13. O-O-O c5 14. Qd2 Qc7 15. Rdg1 cxd4 16. Nxd4 e6 17. h4 Bd7 18. h5 Rfc8 19. hxg6 hxg6 20. Rg3 Qc4 21. Kb1 Kf8 22. Qh2 Ke8 23. Qh7 Bf8 24. Qg8 Rc7 25. f5 exf5 26. Bg5 f6 27. Qxg6+ Kd8 28. Qxf6+ Kc8 29. Rc3 Qxd4 30. Qd8+ Kb7 31. Rxc7+ 1-0

[Event "22nd ETCC Women 2019"]
[Site "Batumi"]
[Date "2019.10.30"]
[Round "6.27"]
[White "Skripchenko, Almira"]
[Black "Lahav, Michal"]
[Result "1/2-1/2"]
[ECO "C03"]
[WhiteElo "2403"]
[BlackElo "2221"]
[Annotator "NA"]
[PlyCount "125"]
[EventDate "2019.10.24"]
[EventType "team-tourn"]
[EventCountry "GEO"]
[SourceTitle "playchess.com"]
[Source "ChessBase"]
[SourceQuality "1"]
[WhiteTeam "France"]
[BlackTeam "Israel"]
[WhiteTeamCountry "FRA"]
[BlackTeamCountry "ISR"]
[TimeControl "40/5400+30:1800+30"]

1. e4 e6 2. d4 d5 3. Nd2 Be7 4. e5 c5 5. c3 Nc6 6. Bd3 cxd4 7. cxd4 Nh6 8. Ndf3 Nf5 9. Ne2 Qb6 10. O-O Bd7 11. Kh1 Rc8 12. a3 Na5 13. b4 Nc4 14. Rb1 Qc7 15. Nf4 Nb6 16. b5 Bf8 17. a4 Ne7 18. Nh5 Nc4 19. Nd2 Qb6 20. Qg4 Ng6 21. Nf3 Kd8 22. Be3 Nxe3 23. fxe3 Be8 24. Ng5 Rc3 25. Rbd1 Qc7 26. e4 h6 27. Nf3 Ne7 28. exd5 Nxd5 29. Rfe1 g6 30. Nf4 h5 31. Qg3 Nb4 32. Be4 Be7 33. d5 exd5 34. Nxd5 Nxd5 35. Bxd5 Kc8 36. Qf4 Ba3 37. Ng5 Kb8 38. Qf6 Rf8 39. Nh7 Rg8 40. e6 fxe6 41. Bxe6 Be7 42. Qd4 Bf7 43. Bxf7 Rd8 44. Bd5 Rc5 45. Qe4 Rd7 46. Bb3 Rxd1 47. Bxd1 Rc1 48. Qxg6 Qd8 49. Qxh5 Qd2 50. Rf1 Qd3 51. Rg1 Bc5 52. Re1 Bb4 53. Qe5+ Bd6 54. Qe8+ Kc7 55. Qf7+ Kb6 56. Qf2+ Kc7 57. Qf3 Qxh7 58. g3 Qg7 59. Rf1 Qd4 60. Kg2 Qd2+ 61. Kh1 Qd4 62. Qf7+ Kb6 63. Qf3 1/2-1/2

[Event "22nd ETCC Women 2019"]
[Site "Batumi"]
[Date "2019.10.30"]
[Round "6.27"]
[White "De Seroux, Camille"]
[Black "Manova, Ivana"]
[Result "1-0"]
[ECO "C44"]
[WhiteElo "2140"]
[BlackElo "1795"]
[Annotator "NA"]
[PlyCount "49"]
[EventDate "2019.10.24"]
[EventType "team-tourn"]
[EventCountry "GEO"]
[SourceTitle "playchess.com"]
[Source "ChessBase"]
[SourceQuality "1"]
[WhiteTeam "Switzerland"]
[BlackTeam "Macedonia"]
[WhiteTeamCountry "SUI"]
[BlackTeamCountry "MKD"]
[TimeControl "40/5400+30:1800+30"]

1. e4 e5 2. Nf3 Nc6 3. c3 Nf6 4. d4 exd4 5. e5 Nd5 6. cxd4 Bb4+ 7. Bd2 Bxd2+ 8. Nbxd2 d6 9. Bb5 O-O 10. O-O Bg4 11. Qb3 Nce7 12. Rfe1 c6 13. Bf1 Bxf3 14. Nxf3 dxe5 15. dxe5 Qb6 16. Qc2 Ng6 17. a3 Rad8 18. g3 Nc7 19. Bc4 c5 20. Ng5 Rd4 21. e6 fxe6 22. Nxe6 Kh8 23. Nxf8 Nxf8 24. Qf5 Qd6 25. Qf7 1-0

[Event "22nd ETCC Women 2019"]
[Site "Batumi"]
[Date "2019.10.30"]
[Round "6.28"]
[White "Nesterovskaya, Anzhelika"]
[Black "Benmesbah, Natacha"]
[Result "0-1"]
[ECO "B21"]
[WhiteElo "2124"]
[BlackElo "2265"]
[Annotator "NA"]
[PlyCount "50"]
[EventDate "2019.10.24"]
[EventType "team-tourn"]
[EventCountry "GEO"]
[SourceTitle "playchess.com"]
[Source "ChessBase"]
[SourceQuality "1"]
[WhiteTeam "Israel"]
[BlackTeam "France"]
[WhiteTeamCountry "ISR"]
[BlackTeamCountry "FRA"]
[TimeControl "40/5400+30:1800+30"]

1. e4 c5 2. f4 d5 3. exd5 Nf6 4. Bb5+ Nbd7 5. c4 a6 6. Bxd7+ Bxd7 7. Nf3 e6 8. dxe6 Bxe6 9. d3 Bd6 10. O-O O-O 11. Ng5 Bf5 12. Nc3 Re8 13. Qf3 Bf8 14. Nge4 Nxe4 15. dxe4 Qd4+ 16. Be3 Bxe4 17. Bxd4 Bxf3 18. Rxf3 cxd4 19. Nd5 Rac8 20. b3 b5 21. a4 bxc4 22. Nb6 c3 23. Rd3 c2 24. Nc4 Rxc4 25. bxc4 Rb8 0-1

[Event "22nd ETCC Women 2019"]
[Site "Batumi"]
[Date "2019.10.30"]
[Round "6.28"]
[White "Koskoska, Gabriela"]
[Black "Pellicoro, Nathalie"]
[Result "1-0"]
[ECO "B40"]
[WhiteElo "2036"]
[BlackElo "1967"]
[Annotator "NA"]
[PlyCount "161"]
[EventDate "2019.10.24"]
[EventType "team-tourn"]
[EventCountry "GEO"]
[SourceTitle "playchess.com"]
[Source "ChessBase"]
[SourceQuality "1"]
[WhiteTeam "Macedonia"]
[BlackTeam "Switzerland"]
[WhiteTeamCountry "MKD"]
[BlackTeamCountry "SUI"]
[TimeControl "40/5400+30:1800+30"]

1. e4 c5 2. Nf3 e6 3. d3 Nc6 4. g3 Nf6 5. Bg2 Be7 6. O-O d6 7. c3 e5 8. Re1 O-O 9. h3 a6 10. Na3 b5 11. Nc2 Re8 12. Nh4 g6 13. Bh6 Bf8 14. Bxf8 Kxf8 15. Ne3 Kg7 16. Qd2 Bd7 17. Kh2 Rb8 18. a3 Na5 19. Qd1 Be6 20. Nd5 Bxd5 21. exd5 c4 22. Qe2 Nb3 23. Rad1 Qc7 24. Qe3 h6 25. dxc4 bxc4 26. g4 Nd7 27. Bf1 Rb5 28. f4 Qc5 29. Qe2 Na5 30. a4 Rbb8 31. f5 g5 32. f6+ Nxf6 33. Nf5+ Kh7 34. Bg2 e4 35. Qc2 Re5 36. Ng3 Rbe8 37. Rf1 Kg7 38. Nf5+ Kg6 39. Ng3 Nxd5 40. Bxe4+ Kg7 41. Bxd5 Rxd5 42. Nh5+ Kf8 43. Qh7 Re2+ 44. Kh1 Rf2 45. Rde1 Re5 46. Qxh6+ Ke8 47. Rxe5+ dxe5 48. Qh8+ Ke7 49. Rxf2 Qxf2 50. Qxe5+ Kf8 51. Qd6+ Kg8 52. Nf6+ Kg7 53. Nh5+ Kh7 54. Qf6 Qe1+ 55. Kg2 Qe2+ 56. Qf2 Qe4+ 57. Qf3 Qc2+ 58. Kg3 Qg6 59. Nf6+ Kg7 60. Nh5+ Kh7 61. Qe4 Qxe4 62. Nf6+ Kg6 63. Nxe4 f6 64. Nc5 f5 65. gxf5+ Kxf5 66. Nxa6 Kf6 67. Nb4 Kf5 68. Kf3 Ke5 69. Kg4 Kf6 70. Nc2 Nb3 71. Ne3 Na5 72. Kh5 Kg7 73. Kxg5 Kh7 74. h4 Kg7 75. h5 Kh7 76. h6 Kh8 77. Kg6 Kg8 78. Ng4 Kh8 79. Ne5 Kg8 80. h7+ Kh8 81. Nf3 1-0

[Event "22nd ETCC Women 2019"]
[Site "Batumi"]
[Date "2019.10.30"]
[Round "6.29"]
[White "Bulmaga, Irina"]
[Black "Vega Gutierrez, Sabrina"]
[Result "0-1"]
[ECO "B40"]
[WhiteElo "2442"]
[BlackElo "2395"]
[Annotator "NA"]
[PlyCount "138"]
[EventDate "2019.10.24"]
[EventType "team-tourn"]
[EventCountry "GEO"]
[SourceTitle "playchess.com"]
[Source "ChessBase"]
[SourceQuality "1"]
[WhiteTeam "Romania"]
[BlackTeam "Spain"]
[WhiteTeamCountry "ROU"]
[BlackTeamCountry "ESP"]
[TimeControl "40/5400+30:1800+30"]

1. e4 c5 2. Nf3 e6 3. d4 cxd4 4. Nxd4 Nf6 5. Nc3 Nc6 6. g3 d6 7. Bg2 Bd7 8. O-O Be7 9. b3 O-O 10. Bb2 a6 11. Nxc6 Bxc6 12. a4 Qc7 13. a5 Rad8 14. Qd4 Ne8 15. Qd3 Bf6 16. Ra2 d5 17. exd5 exd5 18. Ba3 d4 19. Ne2 Bb5 20. Qd2 Nd6 21. Re1 Rfe8 22. Nf4 Rxe1+ 23. Qxe1 Re8 24. Qb4 Qc3 25. Qxc3 dxc3 26. Ra1 Nf5 27. Bb4 Nd4 28. Bxc3 Nxc2 29. Bxf6 Nxa1 30. Bc3 Bc6 31. Bxc6 bxc6 32. b4 Rd8 33. Kf1 Nc2 34. Ke2 Nd4+ 35. Ke3 Nf5+ 36. Ke4 Nd6+ 37. Ke3 f5 38. Nd3 Nb5 39. Be5 Na3 40. Bc3 Nb5 41. Be5 Na3 42. Bc3 Nc4+ 43. Ke2 Nd6 44. Ke3 Re8+ 45. Be5 Kf7 46. Kf4 Rd8 47. Nc5 g6 48. Nxa6 Ke6 49. Nc5+ Kd5 50. Bxd6 Rxd6 51. a6 Rd8 52. h4 Kc4 53. h5 Kxb4 54. Ne6 Ra8 55. hxg6 hxg6 56. Kg5 Rxa6 57. Nc7 Ra7 58. Ne6 c5 59. Kxg6 c4 60. Kxf5 Rd7 61. Nf4 c3 62. Ke6 Rd2 63. Nd5+ Rxd5 64. Kxd5 c2 65. f4 c1=Q 66. f5 Qc4+ 67. Ke5 Kc5 68. g4 Qxg4 69. f6 Qg8 {[%emt 0:00:11] Kd4+} 0-1